 Dungeon Crawl Stone Soup version 0.28-b1-25-g9875b3fc8c (webtiles) character file.

Game seed: 14999049065769590345

21 Masnef the Covered (level 2, -5/29 HPs)
             Began as a Gnoll Wanderer on Feb 6, 2022.
             Was a Follower of Fedhas.
             Slain by a kobold (14 damage)
             ... on level 1 of the Dungeon.
             The game lasted 00:00:32 (498 turns).

Masnef the Covered (Gnoll Wanderer)                  Turns: 498, Time: 00:00:33

Health: -5/29      AC:  3    Str: 14    XL:     2   Next: 87%
Magic:  5/5        EV: 11    Int:  9    God:    Fedhas [*.....]
Gold:   69         SH:  0    Dex: 10    Spells: 6/6 levels left

rFire   . . .      SeeInvis .   a - +3 mace
rCold   . . .      Faith    .   (no shield)
rNeg    . . .      Spirit   .   c - +0 leather armour
rPois   .          Reflect  .   (no helmet)
rElec   .          Harm     .   (no cloak)
rCorr   .          Rampage  .   (no gloves)
Will    .....                   (no boots)
Stlth   +.........              (no amulet)
HPRegen 0.09/turn               (no ring)
MPRegen 0.09/turn               (no ring)

@: no status effects
A: fangs 1, strong nose, distributed training
a: Renounce Religion


You were on level 1 of the Dungeon.
You worshipped Fedhas.
Fedhas was aware of your devotion.
You visited 1 branch of the dungeon, and saw 1 of its levels.

You collected 69 gold pieces.

Inventory:

Hand Weapons
 a - a +3 mace (weapon)
Missiles
 d - 6 poisoned darts (quivered)
Armour
 c - a +0 leather armour (worn)
Scrolls
 b - a scroll of fog
 f - a scroll of identify {unknown}
Potions
 e - a potion of resistance {unknown}


   Skills:
 + Level 6.5 Fighting
 + Level 0.5 Short Blades
 + Level 0.5 Long Blades
 + Level 0.5 Axes
 + Level 6.5 Maces & Flails
 + Level 0.5 Polearms
 + Level 0.5 Staves
 + Level 0.5 Slings
 + Level 0.5 Bows
 + Level 0.5 Crossbows
 + Level 0.5 Throwing
 + Level 6.5 Armour
 + Level 0.5 Dodging
 + Level 0.5 Stealth
 + Level 0.5 Shields
 + Level 0.5 Unarmed Combat
 + Level 2.7 Spellcasting
 + Level 0.4 Conjurations
 + Level 0.4 Hexes
 + Level 0.4 Summonings
 + Level 0.4 Necromancy
 + Level 0.4 Translocations
 + Level 0.4 Transmutations
 + Level 0.4 Fire Magic
 + Level 0.4 Ice Magic
 + Level 0.4 Air Magic
 + Level 0.4 Earth Magic
 + Level 0.4 Poison Magic
 + Level 0.7 Invocations
 + Level 0.5 Evocations


You had 6 spell levels left.
You didn't know any spells.
Your spell library was empty.

Dungeon Overview and Level Annotations

Branches:
Dungeon (1/15)

Altars:
Fedhas


Innate Abilities, Weirdness & Mutations

You have very sharp teeth.
Your uncanny sense of smell can sniff out nearby items.
Your experience applies equally to all skills.


Message History

You closely miss the jackal. The jackal bites you.
The jackal bites you but does no damage.
The jackal closely misses you. The jackal barely misses you.
You closely miss the jackal.
The jackal bites you but does no damage.
The jackal misses you.
You hit the jackal.
You kill the jackal!
Fedhas appreciates your contribution to the ecosystem.
The jackal bites you.
The jackal bites you but does no damage.
You hit the jackal but do no damage.
The jackal bites you but does no damage.
The jackal bites you.
You hit the jackal.
The jackal is moderately wounded.
The jackal bites you but does no damage.
You hit the jackal.
The jackal is almost dead.
The jackal bites you. The jackal barely misses you.
You sock the jackal!
You kill the jackal!
Fedhas appreciates your contribution to the ecosystem.
No target in view!
You now have 69 gold pieces (gained 11).
A kobold comes into view.
It is wielding a +2 dagger of electrocution.
The kobold shouts!
The kobold moves out of view.
You closely miss the kobold.
The kobold hits you with a +2 dagger of electrocution.
You closely miss the kobold.
The kobold hits you with a +2 dagger of electrocution.
You closely miss the kobold. The kobold hits you but does no damage.
You are electrocuted!
You are too injured to fight recklessly!
You closely miss the kobold. Your bite misses the kobold.
The kobold hits you with a +2 dagger of electrocution.
You are electrocuted!
You die...
Fedhas appreciates your contribution to the ecosystem.

...# #.# ####
... ∆ #.# #.#
#.# # #.# #
#.# #...#.#
#.# #.#.#.
#.# .... #.#
#K#########.#
#@..........#
#############


You could see a kobold.

Vanquished Creatures
  A dart slug (D:1)
  A goblin (D:1)
  10 jackals (D:1)
  A kobold (D:1)
  A bat (D:1)
  A frilled lizard (D:1)
  A rat (D:1)
16 creatures vanquished.

Notes
Turn   | Place    | Note
-------+----------+-------------------------------------------
     0 | D:1      | Masnef the Gnoll Wanderer began the quest for the Orb.
     0 | D:1      | Masnef set off with the following items: a +3 mace, a
                  | scroll of fog, a +0 leather armour
     0 | D:1      | Reached XP level 1. HP: 23/23 MP: 4/4
   112 | D:1      | Found a faded altar of an unknown god.
   123 | D:1      | Reached XP level 2. HP: 22/29 MP: 5/5
   126 | D:1      | Prayed at the altar of an unknown god.
   126 | D:1      | Became a worshipper of Fedhas Madash
   126 | D:1      | Reached * piety under Fedhas
   498 | D:1      | Slain by a kobold

Illustrated notes

Levels and vault maps discovered:
D:1:      lightli_arrival_quake, layout_basic,
          shapermc_ecumenical_altar_mp_highgroup, serial_glass, glass_columns_a,
          glass_columns_a, minmay_strange_pillars, feat_on_display,
          feat_on_display

Action                   || total
-------------------------++-------
Melee: Mace              ||    48
       Bite              ||     4
Armor: Leather armour    ||    25
Dodge: Dodged            ||    48
